General information
- name: BNet
- type: Ladder 1vs1/FFA
- host: Battle.net
- saver: ROTS19
map: EchoIsles
- players: 2
- length: 12:27
- speed: Fast
- version: 1.24 W3XP
- replay type: Public
» download(40 KB)
Players
team 1 (loser)
Xalo (
green | 64 APM | 798 actions | 12:25)
2 Blademaster
1 Wind Walk
1 Mirror Image
1 Shadow Hunter
1 Hex
» actions
| Assign group hotkey | 1 | |
| Build / train | 32 | |
| Enter build submenu | 7 | |
| Enter hero's abilities submenu | 3 | |
| Give item / drop item | 2 | |
| Right click | 496 | |
| Select / deselect | 216 | |
| Use ability | 41 | |
798 total
» units
» upgrades
| Berserker Strength | 1 | |
| Ensnare | 1 | |
2 total
» buildings
| Altar of Storms | 1 | |
| Orc Burrow | 3 | |
| Barracks | 1 | |
| Stronghold | 1 | |
| Voodoo Lounge | 1 | |
| Beastiary | 1 | |
| Fortress | 1 | |
9 total
» build order
00:08 Altar of Storms
00:21 Orc Burrow
00:39 Barracks
01:44 Orc Burrow
02:11 Orc Burrow
03:15 Stronghold
03:41 Voodoo Lounge
08:50 Beastiary
09:24 Fortress
» items
| Healing Salve | 1 | |
| Scroll of Speed | 1 | |
| Gloves of Haste | 1 | |
| Potion of Healing | 3 | |
| Scroll of Town Portal | 1 | |
| Potion of Mana | 1 | |
| Claws of Attack +6 | 1 | |
| Potion of Invulnerability | 1 | |
10 total
team 2 (winner)

»
ROTS19 (
blue | 69 APM | 854 actions | 12:27)
4 Death Knight
2 Death Coil
2 Unholy Aura
1 Lich
1 Frost Nova
» actions
| Assign group hotkey | 21 | |
| Basic commands | 27 | |
| Build / train | 41 | |
| ESC pressed | 1 | |
| Enter build submenu | 16 | |
| Enter hero's abilities submenu | 6 | |
| Give item / drop item | 1 | |
| Right click | 393 | |
| Select / deselect | 176 | |
| Select group hotkey | 127 | |
| Use ability | 45 | |
854 total
» units
| Acolyte | 3 | |
| Ghoul | 6 | |
| Crypt Fiend | 6 | |
| Obsidian Statue | 2 | |
17 total
» upgrades
| Creature Carapace | 1 | |
| Web | 1 | |
| Burrow | 1 | |
3 total
» buildings
| Graveyard | 1 | |
| Crypt | 1 | |
| Altar of Darkness | 2 | |
| Ziggurat | 4 | |
| Tomb of Relics | 1 | |
| Nerubian Tower | 2 | |
| Halls of the Dead | 1 | |
| Spirit Tower | 2 | |
| Slaughterhouse | 1 | |
| Black Citadel | 1 | |
16 total
» build order
00:31 Graveyard
00:33 Crypt
00:52 Altar of Darkness
00:57 Altar of Darkness
01:02 Ziggurat
01:29 Ziggurat
01:42 Tomb of Relics
02:10 Nerubian Tower
02:32 Nerubian Tower
04:17 Ziggurat
05:20 Halls of the Dead
05:34 Spirit Tower
05:39 Ziggurat
06:49 Spirit Tower
08:10 Slaughterhouse
11:51 Black Citadel
» items
| Rod of Necromancy | 1 | |
| Dust of Appearance | 2 | |
| Potion of Healing | 2 | |
| Potion of Mana | 1 | |
| Scroll of Town Portal | 1 | |
7 total
Chat log
(00:09 / All) ROTS19: hi
(00:12 / All) Xalo: gl hf
(00:15 / All) Xalo: race?
(00:22 / All) ROTS19: why don't you scout and find out
(00:25 / All) Xalo: :P
(00:29 / All) Xalo: Thats hard.
(00:36 / All) ROTS19: ah well
(01:59 / All) Xalo: UD :/
(02:06 / All) ROTS19: indeed
(03:29 / All) Xalo: SHIT
(03:36 / All) ROTS19: an interesting strategy
(03:43 / All) ROTS19: can't say i've ever faced that before
(03:49 / All) Xalo: :P
(03:54 / All) Xalo: Fail by me.
(03:57 / All) Xalo: THe dust....
(04:02 / All) Xalo: Fucked me up.
(04:06 / All) ROTS19: it does that
(04:24 / All) Xalo: nice micro...
(04:29 / All) ROTS19: thanks
(04:34 / All) Xalo: no
(04:35 / All) Xalo: NP
(04:39 / All) Xalo: Its the truth.
(05:04 / All) ROTS19: all those ghuol kills kinda hurt me though
(05:14 / All) Xalo: LOL
(05:16 / All) Xalo: Yao,
(05:18 / All) Xalo: Ya.
(08:09 / All) Xalo: i was afk..
(08:14 / All) ROTS19: that sucks
(08:15 / All) Xalo: shit.
(08:30 / All) Xalo: haha
(08:54 / All) Xalo: Pause?
(08:56 / All) ROTS19: and then ultimately nothing will come of it.
(09:16 / All) Xalo: its not map hack ^^
(10:00 / All) Xalo: :)
(10:04 / All) ROTS19: wasn't really paying attention there
(10:24 / All) ROTS19: hopefully I don't make that mistake again
(10:34 / All) Xalo: (Hopefully)
(10:52 / All) Xalo: HAHAH
(11:11 / All) ROTS19: hahahah
(11:59 / All) Xalo: gg
(12:00 / All) ROTS19: gg